WCHLSIM.com - West Coast Hockey League
html PUBLIC "-//W3C//DTD XHTML 1.0 Transitional//EN" "http://www.w3.org/TR/xhtml1/DTD/xhtml1-transitional.dtd"> WCHL - Game 125 - BOISE CARIBOUS vs WINNIPEG BEAVERS

BOISE CARIBOUS vs WINNIPEG BEAVERS

Created - 31 octobre 2021 at 22:45

Goals
1 2 3 T
BOISE CARIBOUS 1 0 0 1
WINNIPEG BEAVERS 2 1 0 3
Shots
1 2 3 T
BOISE CARIBOUS 7 3 6 16
WINNIPEG BEAVERS 17 12 9 38

1st period

1. WINNIPEG BEAVERS , Joel Armia 1 (Jason Dickinson 4, Carson Soucy 2) at 1:38
2. WINNIPEG BEAVERS , Jason Dickinson 1 (Brandon Tanev 1) at 6:28
3. BOISE CARIBOUS , Vladislav Namestnikov 2 (Kaapo Kakko 1, Marco Scandella 1) at 11:56

Penalties :
No Penalty

2nd period

4. WINNIPEG BEAVERS , Janne Kuokkanen 1 (David Krejci 6, Ondrej Palat 5) at 4:16 (PP)

Penalties :
John Tavares (BOI) for Hooking (Minor) at 2:58

3rd period

No Goal

Penalties :
Dmitry Kulikov (BOI) for Tripping (Minor) at 3:00, Alexander Radulov (WIN) for Hooking (Minor) at 16:05, Matt Benning (BOI) for Goalie Interference (Minor) at 16:05

Goalie Stats

Ilya Sorokin (BOI), 35 saves from 38 shots - (0,921), L, 1-3-0, 60:00 minutes
Linus Ullmark (WIN), 15 saves from 16 shots - (0,938), W, 3-3-0, 60:00 minutes

Players Stats for BOISE CARIBOUS

Player Name              G  A  P  +/- PIM S  H  SB GA TA FO     MP     PP MP  PK MP  
------------------------------------------------------------------------------------
Andre Burakovsky         0  0  0   0  0   1  0  1  0  0  0/1    18:16   0:00   0:00 
Danny O'Regan            0  0  0  -1  0   0  0  0  0  0  8/14    8:36   0:00   1:39 
Denis Gurianov           0  0  0  -1  0   1  0  0  0  0  0/1    16:22   0:00   0:00 
Dmitry Kulikov           0  0  0  -1  2   0  1  4  0  0  0/0    17:52   0:00   0:41 
Dominik Kubalik          0  0  0   0  0   0  2  0  0  0  0/0    18:26   0:00   0:00 
Ivan Barbashev           0  0  0  -1  0   0  0  0  0  0  0/0     8:43   0:00   1:46 
Jani Hakanpaa            0  0  0  -1  0   0  0  0  0  0  0/0     7:52   0:00   0:00 
Jesperi Kotkaniemi       0  0  0  -1  0   3  1  2  0  0  14/21  18:23   0:00   1:38 
John Klingberg           0  0  0   1  0   1  3  2  0  0  0/0    22:26   0:00   1:47 
John Tavares             0  0  0   0  2   3  1  0  0  0  15/19  18:33   0:00   0:00 
Kaapo Kakko              0  1  1   1  0   2  0  0  0  0  0/1    15:03   0:00   1:31 
Lawson Crouse            0  0  0   1  0   2  3  0  0  0  1/3    14:27   0:00   0:00 
Marco Scandella          0  1  1   1  0   0  0  4  0  0  0/0    20:18   0:00   1:30 
Matt Benning             0  0  0  -1  2   0  2  2  0  0  0/0    15:53   0:00   0:00 
Rasmus Andersson         0  0  0  -1  0   1  1  3  0  0  0/0    21:55   0:00   1:30 
Rasmus Dahlin            0  0  0  -1  0   0  2  1  0  0  0/0    20:39   0:00   1:06 
Tim Stutzle              0  0  0  -1  0   1  0  0  0  0  0/1    16:22   0:00   0:00 
Vladislav Namestnikov    1  0  1   1  0   1  0  1  0  0  7/18   14:35   0:00   0:00 

Players Stats for WINNIPEG BEAVERS

Player Name              G  A  P  +/- PIM S  H  SB GA TA FO     MP     PP MP  PK MP  
------------------------------------------------------------------------------------
Alexander Radulov        0  0  0  -1  2   5  0  0  0  0  0/1    18:20   1:55   0:00 
Brad Marchand            0  0  0   0  0   6  2  0  0  0  0/2    20:29   1:55   0:00 
Brandon Tanev            0  1  1   2  0   1  5  0  0  0  0/0    16:35   1:22   0:00 
Carson Soucy             0  1  1   1  0   0  3  2  0  0  0/0    20:05   1:11   0:00 
David Krejci             0  1  1   0  0   6  0  0  0  0  11/22  20:40   2:06   0:00 
Dylan DeMelo             0  0  0   1  0   0  2  1  0  0  0/0    19:48   1:11   0:00 
Ian Cole                 0  0  0   0  0   0  0  1  0  0  0/0    17:14   0:00   0:00 
Janne Kuokkanen          1  0  1   0  0   1  0  0  0  0  2/4     7:01   1:22   0:00 
Jason Dickinson          1  1  2   2  0   3  0  0  0  0  6/16   15:13   0:00   0:00 
Joe Pavelski             0  0  0   0  0   6  1  0  0  0  3/5    20:12   1:55   0:00 
Joel Armia               1  0  1   2  0   3  0  1  0  0  1/1    15:13   0:00   0:00 
Justin Braun             0  0  0   0  0   0  0  0  0  0  0/0    19:15   0:00   0:00 
Kris Russell             0  0  0   0  0   1  0  0  0  0  0/0    18:51   0:00   0:00 
Michael Raffl            0  0  0   0  0   2  0  0  0  0  0/0     5:39   0:00   0:00 
Ondrej Palat             0  1  1  -1  0   3  5  0  0  0  0/3    18:39   1:22   0:00 
Rasmus Ristolainen       0  0  0   0  0   0  1  0  0  0  0/0    22:41   2:06   0:00 
Sean Kuraly              0  0  0   0  0   0  0  0  0  0  3/7     5:39   0:00   0:00 
Travis Zajac             0  0  0  -1  0   1  1  0  0  0  8/18   16:26   0:00   0:00 

3 Stars

1 - Jason Dickinson (WIN)
2 - Brandon Tanev (WIN)
3 - Joel Armia (WIN)

Power Play

BOISE CARIBOUS - 0 on 0 Attempt(s) - 0,00%
WINNIPEG BEAVERS - 1 on 2 Attempt(s) - 50,00%

Penalty Kill

BOISE CARIBOUS - 1 on 2 Attempt(s) - 50,00% - Score 0 goal in Penalty Kill
WINNIPEG BEAVERS - 0 on 0 Attempt(s) - 0,00% - Score 0 goal in Penalty Kill

Team Stat

BOISE CARIBOUS - Hits : 16 - Faceoff Wins : 45 - Blocked Shots : 20 - Penalty Minutes : 6
WINNIPEG BEAVERS - Hits : 20 - Faceoff Wins : 34 - Blocked Shots : 5 - Penalty Minutes : 2

Official

Referees : Jim Curtin and Troy Paterson
Linesman : Libor Suchanek and Justin Cornell

Game Notes

No Game Note

Finance

Level 1 -- Attendance: 6000 (100,00%) -- Ticket Income 936 000 $
Level 2 -- Attendance: 4269 (85,38%) -- Ticket Income 508 011 $
Level 3 -- Attendance: 2000 (100,00%) -- Ticket Income 190 000 $
Level 4 -- Attendance: 3931 (98,28%) -- Ticket Income 286 963 $
Luxury Box -- Attendance: 784 (78,40%) -- Ticket Income 262 640 $
Total Attendance: 16984 (94,36%)
Total Ticket Income: 2 183 614 $
Other Expense: 21 836 $
Total Income: 2 161 778 $

BOISE CARIBOUS

5 vs 5 Forward 
   Center                   Left Wing                Right Wing               Time % Phy DF OF 
 1 John Tavares             Dominik Kubalik          Andre Burakovsky         32     0   2  3  
 2 Jesperi Kotkaniemi       Tim Stutzle              Denis Gurianov           30     0   2  3  
 3 Vladislav Namestnikov    Lawson Crouse            Kaapo Kakko              25     0   3  2  
 4 Danny O'Regan            Ivan Barbashev           Jani Hakanpaa            13     1   4  0  

5 vs 5 Defense 
   Defense                  Defense                                           Time % Phy DF OF 
 1 Marco Scandella          John Klingberg                                    34     1   2  2  
 2 Rasmus Dahlin            Rasmus Andersson                                  34     1   2  2  
 3 Dmitry Kulikov           Matt Benning                                      30     1   4  0  
 4 John Klingberg           Rasmus Andersson                                  2      0   5  0  

PowerPlay Forward 
   Center                   Left Wing                Right Wing               Time % Phy DF OF 
 1 John Tavares             Andre Burakovsky         Dominik Kubalik          55     0   1  4  
 2 Vladislav Namestnikov    Tim Stutzle              Lawson Crouse            45     0   2  3  

PowerPlay Defense
   Defense                  Defense                                           Time % Phy DF OF 
 1 John Klingberg           Denis Gurianov                                    55     0   1  4  
 2 Ivan Barbashev           Rasmus Dahlin                                     45     0   2  3  

Penalty Kill 4 Players Forward 
   Center                   Wing                     Time % Phy DF OF 
 1 Jesperi Kotkaniemi       Kaapo Kakko              55     0   5  0  
 2 Danny O'Regan            Ivan Barbashev           45     1   4  0  

Penalty Kill 4 Players Defense
   Defense                  Defense                  Time % Phy DF OF 
 1 Marco Scandella          Rasmus Andersson         55     1   4  0  
 2 Dmitry Kulikov           John Klingberg           45     1   4  0  

Penalty Kill - 3 Players Forward 
   Forward                                           Time % Phy DF OF 
 1 John Tavares                                      55     0   5  0  
 2 Danny O'Regan                                     45     1   4  0  

Penalty Kill - 3 Players Defense
   Defense                  Defense                  Time % Phy DF OF 
 1 John Klingberg           Rasmus Andersson         55     0   5  0  
 2 Marco Scandella          Jani Hakanpaa            45     1   4  0  

4 vs 4 Forward 
   Center                   Wing                     Time % Phy DF OF 
 1 John Tavares             Dominik Kubalik          55     1   2  2  
 2 Jesperi Kotkaniemi       Andre Burakovsky         45     1   2  2  

4 vs 4 Defense
   Defense                  Defense                  Time % Phy DF OF 
 1 John Klingberg           Rasmus Dahlin            55     1   2  2  
 2 Dmitry Kulikov           Rasmus Andersson         45     1   2  2  

Last Minutes Offensive
   Center                   Left Wing                Right Wing               Defense                  Defense                  
   John Tavares             Andre Burakovsky         Dominik Kubalik          John Klingberg           Rasmus Andersson         

Last Minutes Defensive
   Center                   Left Wing                Right Wing               Defense                  Defense                  
   John Tavares             Jesperi Kotkaniemi       Kaapo Kakko              Marco Scandella          Rasmus Andersson         

Goaltenders
Starting : Ilya Sorokin             
Backup : Kaden Fulcher            

Extra Forwards
Normal : Vladislav Namestnikov, Lawson Crouse, Tim Stutzle - PP : Kaapo Kakko, Lawson Crouse - PK : Ivan Barbashev
Extra Defensemen
Normal : Dmitry Kulikov, Jani Hakanpaa, Rasmus Dahlin - PP : Dmitry Kulikov - PK : John Klingberg, Rasmus Dahlin
Penalty Shots
John Tavares, Ivan Barbashev, Andre Burakovsky, Denis Gurianov, Dominik Kubalik
Custom OT Lines Forwards
John Tavares, Ivan Barbashev, Andre Burakovsky, Lawson Crouse, Dominik Kubalik, Denis Gurianov, Jesperi Kotkaniemi, Tim Stutzle, Kaapo Kakko, Vladislav Namestnikov
Custom OT Lines Defensemen
John Klingberg, Marco Scandella, Rasmus Dahlin, Rasmus Andersson, Dmitry Kulikov

Scratches
Jeff Carter (Chest/Ribs Injury), Paul Stastny (Sore Left Knee Injury), Jake Allen (Healthy)

WINNIPEG BEAVERS

5 vs 5 Forward 
   Center                   Left Wing                Right Wing               Time % Phy DF OF 
 1 David Krejci             Brad Marchand            Joe Pavelski             33     0   2  3  
 2 Travis Zajac             Ondrej Palat             Alexander Radulov        32     0   3  2  
 3 Jason Dickinson          Brandon Tanev            Joel Armia               27     1   3  1  
 4 Sean Kuraly              Janne Kuokkanen          Michael Raffl            8      1   3  1  

5 vs 5 Defense 
   Defense                  Defense                                           Time % Phy DF OF 
 1 Kris Russell             Rasmus Ristolainen                                32     0   3  2  
 2 Justin Braun             Ian Cole                                          31     1   3  1  
 3 Dylan DeMelo             Carson Soucy                                      31     1   3  1  
 4 Justin Braun             Rasmus Ristolainen                                6      1   3  1  

PowerPlay Forward 
   Center                   Left Wing                Right Wing               Time % Phy DF OF 
 1 Joe Pavelski             Brad Marchand            Alexander Radulov        52     1   1  3  
 2 Janne Kuokkanen          Ondrej Palat             Brandon Tanev            48     1   1  3  

PowerPlay Defense
   Defense                  Defense                                           Time % Phy DF OF 
 1 David Krejci             Rasmus Ristolainen                                52     0   1  4  
 2 Dylan DeMelo             Carson Soucy                                      48     0   1  4  

Penalty Kill 4 Players Forward 
   Center                   Wing                     Time % Phy DF OF 
 1 Travis Zajac             Jason Dickinson          50     0   4  1  
 2 Sean Kuraly              Joel Armia               50     0   4  1  

Penalty Kill 4 Players Defense
   Defense                  Defense                  Time % Phy DF OF 
 1 Rasmus Ristolainen       Kris Russell             53     1   4  0  
 2 Justin Braun             Dylan DeMelo             47     1   4  0  

Penalty Kill - 3 Players Forward 
   Forward                                           Time % Phy DF OF 
 1 David Krejci                                      50     1   4  0  
 2 Joe Pavelski                                      50     1   4  0  

Penalty Kill - 3 Players Defense
   Defense                  Defense                  Time % Phy DF OF 
 1 Rasmus Ristolainen       Kris Russell             50     1   4  0  
 2 Dylan DeMelo             Ian Cole                 50     1   4  0  

4 vs 4 Forward 
   Center                   Wing                     Time % Phy DF OF 
 1 David Krejci             Brad Marchand            50     1   2  2  
 2 Joe Pavelski             Alexander Radulov        50     1   2  2  

4 vs 4 Defense
   Defense                  Defense                  Time % Phy DF OF 
 1 Rasmus Ristolainen       Dylan DeMelo             50     1   2  2  
 2 Kris Russell             Carson Soucy             50     1   2  2  

Last Minutes Offensive
   Center                   Left Wing                Right Wing               Defense                  Defense                  
   Travis Zajac             Brad Marchand            Joe Pavelski             Ian Cole                 Rasmus Ristolainen       

Last Minutes Defensive
   Center                   Left Wing                Right Wing               Defense                  Defense                  
   Travis Zajac             Brad Marchand            Joe Pavelski             Ian Cole                 Rasmus Ristolainen       

Goaltenders
Starting : Linus Ullmark            
Backup : Logan Thompson           

Extra Forwards
Normal : Ondrej Palat, Brad Marchand, Joe Pavelski - PP : David Krejci, Brad Marchand - PK : Brandon Tanev
Extra Defensemen
Normal : Kris Russell, Ian Cole, Dylan DeMelo - PP : Dylan DeMelo - PK : Dylan DeMelo, Ian Cole
Penalty Shots
Brad Marchand, David Krejci, Joe Pavelski, Ondrej Palat, Alexander Radulov
Custom OT Lines Forwards
Brad Marchand, Travis Zajac, Joe Pavelski, Ondrej Palat, David Krejci, Alexander Radulov, Joel Armia, Jason Dickinson, Brandon Tanev, Sean Kuraly
Custom OT Lines Defensemen
Justin Braun, Ian Cole, Kris Russell, Rasmus Ristolainen, Dylan DeMelo

Scratches
None


% Time on Ice - BOISE CARIBOUS

Lines # - Real PCT - Wanted PCT - Time Play
Normal Forward
1 - 33% - 32% - 17:53
2 - 30% - 30% - 16:22
3 - 25% - 25% - 13:32
4 - 13% - 13% - 6:57
Normal Defense
1 - 34% - 34% - 18:48
2 - 34% - 34% - 18:52
3 - 29% - 30% - 15:54
4 - 2% - 2% - 1:10
PP Forward
1 - 0% - 55%
2 - 0% - 45%
PP Defense
1 - 0% - 55%
2 - 0% - 45%
PK Forward
1 - 50% - 55% - 1:38
2 - 50% - 45% - 1:39
PK Defense
1 - 46% - 55% - 1:30
2 - 54% - 45% - 1:47
PK3 Forward
1 - 0% - 55%
2 - 0% - 45%
PK3 Defense
1 - 0% - 55%
2 - 0% - 45%
44 Forward
1 - 81% - 55% - 1:36
2 - 19% - 45% - 0:23
44 Defense
1 - 34% - 55% - 0:41
2 - 66% - 45% - 1:18
Last Minute Offensive  - 0:00
Last Minute Defensive  - 0:00
Total
Forward - 60:00
Defense - 60:00

% Time on Ice - WINNIPEG BEAVERS

Lines # - Real PCT - Wanted PCT - Time Play
Normal Forward
1 - 32% - 33% - 17:26
2 - 30% - 32% - 16:26
3 - 28% - 27% - 15:13
4 - 10% - 8% - 5:39
Normal Defense
1 - 32% - 32% - 17:43
2 - 31% - 31% - 17:14
3 - 32% - 31% - 17:46
4 - 4% - 6% - 2:01
PP Forward
1 - 58% - 52% - 1:55
2 - 42% - 48% - 1:22
PP Defense
1 - 64% - 52% - 2:06
2 - 36% - 48% - 1:11
PK Forward
1 - 0% - 50%
2 - 0% - 50%
PK Defense
1 - 0% - 53%
2 - 0% - 47%
PK3 Forward
1 - 0% - 50%
2 - 0% - 50%
PK3 Defense
1 - 0% - 50%
2 - 0% - 50%
44 Forward
1 - 57% - 50% - 1:08
2 - 43% - 50% - 0:51
44 Defense
1 - 43% - 50% - 0:51
2 - 57% - 50% - 1:08
Last Minute Offensive  - 0:00
Last Minute Defensive  - 0:00
Total
Forward - 60:00
Defense - 60:00

Play-by-Play

1st period


0:01 of 1st period - David Krejci wins face-off versus John Tavares in neutral zone.
0:11 of 1st period - Joe Pavelski is hit by John Klingberg and loses puck.
0:18 of 1st period - Shot by Joe Pavelski.
0:18 of 1st period - Shot Blocked by Andre Burakovsky.
0:20 of 1st period - Shot by Kris Russell.
0:20 of 1st period - Shot Misses the Net.
0:39 of 1st period - Shot by Joe Pavelski.
0:39 of 1st period - Stopped by Ilya Sorokin without a rebound.
0:40 of 1st period - Jesperi Kotkaniemi wins face-off versus Ondrej Palat in BOISE CARIBOUS zone.
0:40 of 1st period - Jesperi Kotkaniemi is hit by Ondrej Palat.
0:49 of 1st period - Icing by Justin Braun.
0:50 of 1st period - Travis Zajac wins face-off versus Vladislav Namestnikov in WINNIPEG BEAVERS zone.
0:50 of 1st period - Travis Zajac is hit by Lawson Crouse.
1:03 of 1st period - Shot by Alexander Radulov.
1:03 of 1st period - Stopped by Ilya Sorokin without a rebound.
1:04 of 1st period - Jason Dickinson wins face-off versus Jesperi Kotkaniemi in BOISE CARIBOUS zone.
1:24 of 1st period - Icing by Jason Dickinson.
1:25 of 1st period - Jason Dickinson wins face-off versus Danny O'Regan in WINNIPEG BEAVERS zone.
1:38 of 1st period - Shot by Joel Armia.
1:38 of 1st period - Goal by Joel Armia - BOISE CARIBOUS : 0 - WINNIPEG BEAVERS : 1.
1:39 of 1st period - Vladislav Namestnikov wins face-off versus Sean Kuraly in neutral zone.
2:01 of 1st period - Shot by Sean Kuraly.
2:01 of 1st period - Shot Misses the Net.
2:38 of 1st period - Off-side.
2:39 of 1st period - Jesperi Kotkaniemi wins face-off versus David Krejci in neutral zone.
2:50 of 1st period - Shot by Denis Gurianov.
2:50 of 1st period - Shot Hit the Post.
3:02 of 1st period - Shot by Tim Stutzle.
3:02 of 1st period - Shot Misses the Net.
3:12 of 1st period - Shot by Tim Stutzle.
3:12 of 1st period - Stopped by Linus Ullmark without a rebound.
3:13 of 1st period - Travis Zajac wins face-off versus John Tavares in WINNIPEG BEAVERS zone.
3:26 of 1st period - Marco Scandella is hit by Travis Zajac.
3:44 of 1st period - Off-side.
3:45 of 1st period - Danny O'Regan wins face-off versus Jason Dickinson in neutral zone.
3:52 of 1st period - Icing by Brandon Tanev.
3:53 of 1st period - Danny O'Regan wins face-off versus Jason Dickinson in WINNIPEG BEAVERS zone.
4:08 of 1st period - Shot by Brandon Tanev.
4:08 of 1st period - Shot Misses the Net.
4:14 of 1st period - Shot by Jason Dickinson.
4:14 of 1st period - Shot Misses the Net.
4:16 of 1st period - Shot by Joel Armia.
4:16 of 1st period - Shot Blocked by Dmitry Kulikov.
4:18 of 1st period - Shot by Jason Dickinson.
4:18 of 1st period - Shot Blocked by Dmitry Kulikov.
4:20 of 1st period - Shot by Jason Dickinson.
4:20 of 1st period - Shot Blocked by Dmitry Kulikov.
5:06 of 1st period - Shot by Ondrej Palat.
5:06 of 1st period - Shot Blocked by Matt Benning.
5:08 of 1st period - Shot by Carson Soucy.
5:08 of 1st period - Shot Blocked by Matt Benning.
5:22 of 1st period - Shot by Ondrej Palat.
5:22 of 1st period - Stopped by Ilya Sorokin without a rebound.
5:23 of 1st period - John Tavares wins face-off versus David Krejci in BOISE CARIBOUS zone.
5:29 of 1st period - Andre Burakovsky is hit by Rasmus Ristolainen and loses puck.
6:28 of 1st period - Shot by Jason Dickinson.
6:28 of 1st period - Goal by Jason Dickinson - BOISE CARIBOUS : 0 - WINNIPEG BEAVERS : 2.
6:29 of 1st period - Travis Zajac wins face-off versus Vladislav Namestnikov in neutral zone.
6:44 of 1st period - Icing by Kaapo Kakko.
6:45 of 1st period - Jason Dickinson wins face-off versus Vladislav Namestnikov in BOISE CARIBOUS zone.
7:05 of 1st period - Shot by Jason Dickinson.
7:05 of 1st period - Stopped by Ilya Sorokin without a rebound.
7:06 of 1st period - Jesperi Kotkaniemi wins face-off versus Alexander Radulov in BOISE CARIBOUS zone.
7:12 of 1st period - Icing by Carson Soucy.
7:13 of 1st period - Travis Zajac wins face-off versus Jesperi Kotkaniemi in WINNIPEG BEAVERS zone.
7:13 of 1st period - Travis Zajac is hit by Jesperi Kotkaniemi.
7:20 of 1st period - Icing by John Klingberg.
7:21 of 1st period - David Krejci wins face-off versus Denis Gurianov in BOISE CARIBOUS zone.
7:34 of 1st period - Shot by Brad Marchand.
7:34 of 1st period - Stopped by Ilya Sorokin without a rebound.
7:35 of 1st period - John Tavares wins face-off versus Jason Dickinson in BOISE CARIBOUS zone.
7:35 of 1st period - Andre Burakovsky is hit by Brandon Tanev and loses puck.
8:29 of 1st period - Icing by Brandon Tanev.
8:30 of 1st period - Jesperi Kotkaniemi wins face-off versus Jason Dickinson in WINNIPEG BEAVERS zone.
8:47 of 1st period - Shot by Denis Gurianov.
8:47 of 1st period - Shot Blocked by Carson Soucy.
8:49 of 1st period - Shot by Jesperi Kotkaniemi.
8:49 of 1st period - Stopped by Linus Ullmark without a rebound.
8:50 of 1st period - Vladislav Namestnikov wins face-off versus David Krejci in WINNIPEG BEAVERS zone.
9:08 of 1st period - Shot by Joe Pavelski.
9:08 of 1st period - Stopped by Ilya Sorokin with a rebound.
9:10 of 1st period - Shot by Brad Marchand.
9:10 of 1st period - Deflect By Joe Pavelski.
9:10 of 1st period - Shot Misses the Net.
9:12 of 1st period - Shot by David Krejci.
9:12 of 1st period - Stopped by Ilya Sorokin without a rebound.
9:13 of 1st period - Travis Zajac wins face-off versus Jesperi Kotkaniemi in BOISE CARIBOUS zone.
9:16 of 1st period - Shot by Ondrej Palat.
9:16 of 1st period - Stopped by Ilya Sorokin without a rebound.
9:17 of 1st period - Travis Zajac wins face-off versus Tim Stutzle in BOISE CARIBOUS zone.
9:50 of 1st period - Shot by Alexander Radulov.
9:50 of 1st period - Stopped by Ilya Sorokin without a rebound.
9:51 of 1st period - David Krejci wins face-off versus Vladislav Namestnikov in BOISE CARIBOUS zone.
10:10 of 1st period - Shot by Brad Marchand.
10:10 of 1st period - Stopped by Ilya Sorokin without a rebound.
10:11 of 1st period - John Tavares wins face-off versus Sean Kuraly in BOISE CARIBOUS zone.
10:16 of 1st period - Carson Soucy is hit by John Tavares and loses puck.
10:39 of 1st period - Shot by John Tavares.
10:39 of 1st period - Deflect By Andre Burakovsky.
10:39 of 1st period - Shot Blocked by Dylan DeMelo.
10:42 of 1st period - Icing by Dylan DeMelo.
10:43 of 1st period - Jesperi Kotkaniemi wins face-off versus Sean Kuraly in WINNIPEG BEAVERS zone.
10:56 of 1st period - Shot by Janne Kuokkanen.
10:56 of 1st period - Shot Misses the Net.
11:50 of 1st period - Shot by Kaapo Kakko.
11:50 of 1st period - Shot Blocked by Ian Cole.
11:52 of 1st period - Shot by Marco Scandella.
11:52 of 1st period - Shot Hit the Post.
11:54 of 1st period - Shot by Marco Scandella.
11:54 of 1st period - Shot Misses the Net.
11:56 of 1st period - Shot by Kaapo Kakko.
11:56 of 1st period - Deflect By Vladislav Namestnikov.
11:56 of 1st period - Goal by Vladislav Namestnikov - BOISE CARIBOUS : 1 - WINNIPEG BEAVERS : 2.
11:57 of 1st period - David Krejci wins face-off versus John Tavares in neutral zone.
12:58 of 1st period - Shot by Vladislav Namestnikov.
12:58 of 1st period - Deflect By Lawson Crouse.
12:58 of 1st period - Shot Misses the Net.
13:04 of 1st period - Shot by Kaapo Kakko.
13:04 of 1st period - Shot Misses the Net.
13:06 of 1st period - Shot by Lawson Crouse.
13:06 of 1st period - Stopped by Linus Ullmark without a rebound.
13:07 of 1st period - Jesperi Kotkaniemi wins face-off versus Jason Dickinson in WINNIPEG BEAVERS zone.
13:18 of 1st period - Shot by Denis Gurianov.
13:18 of 1st period - Shot Blocked by Joel Armia.
13:24 of 1st period - Shot by Joel Armia.
13:24 of 1st period - Shot Blocked by Rasmus Andersson.
13:58 of 1st period - Jesperi Kotkaniemi is hit by Ondrej Palat and loses puck.
14:14 of 1st period - Ondrej Palat is hit by Rasmus Dahlin.
14:55 of 1st period - Shot by Janne Kuokkanen.
14:55 of 1st period - Deflect By Michael Raffl.
14:55 of 1st period - Stopped by Ilya Sorokin without a rebound.
14:56 of 1st period - John Tavares wins face-off versus David Krejci in BOISE CARIBOUS zone.
14:56 of 1st period - John Tavares is hit by Joe Pavelski.
15:15 of 1st period - Off-side.
15:16 of 1st period - Vladislav Namestnikov wins face-off versus Jason Dickinson in neutral zone.
15:27 of 1st period - Shot by Brandon Tanev.
15:27 of 1st period - Shot Misses the Net.
15:51 of 1st period - Icing by Carson Soucy.
15:52 of 1st period - John Tavares wins face-off versus Jason Dickinson in WINNIPEG BEAVERS zone.
15:52 of 1st period - Andre Burakovsky is hit by Carson Soucy and loses puck.
16:03 of 1st period - Brandon Tanev is hit by Dominik Kubalik.
16:37 of 1st period - Shot by John Tavares.
16:37 of 1st period - Stopped by Linus Ullmark without a rebound.
16:38 of 1st period - Danny O'Regan wins face-off versus Joe Pavelski in WINNIPEG BEAVERS zone.
16:57 of 1st period - Shot by Joe Pavelski.
16:57 of 1st period - Stopped by Ilya Sorokin without a rebound.
16:58 of 1st period - Vladislav Namestnikov wins face-off versus Travis Zajac in BOISE CARIBOUS zone.
17:07 of 1st period - Shot by Rasmus Andersson.
17:07 of 1st period - Stopped by Linus Ullmark without a rebound.
17:08 of 1st period - Danny O'Regan wins face-off versus David Krejci in WINNIPEG BEAVERS zone.
17:09 of 1st period - Shot by Ivan Barbashev.
17:09 of 1st period - Shot Misses the Net.
17:43 of 1st period - Shot by Brad Marchand.
17:43 of 1st period - Stopped by Ilya Sorokin without a rebound.
17:44 of 1st period - Travis Zajac wins face-off versus Vladislav Namestnikov in BOISE CARIBOUS zone.
18:03 of 1st period - Ondrej Palat is hit by Lawson Crouse and loses puck.
18:48 of 1st period - Shot by David Krejci.
18:48 of 1st period - Deflect By Brad Marchand.
18:48 of 1st period - Stopped by Ilya Sorokin without a rebound.
18:49 of 1st period - John Tavares wins face-off versus Jason Dickinson in BOISE CARIBOUS zone.
19:32 of 1st period - Shot by John Tavares.
19:32 of 1st period - Shot Misses the Net.
19:34 of 1st period - Shot by Andre Burakovsky.
19:34 of 1st period - Stopped by Linus Ullmark without a rebound.
19:35 of 1st period - Jesperi Kotkaniemi wins face-off versus David Krejci in WINNIPEG BEAVERS zone.
19:56 of 1st period - Shot by David Krejci.
19:56 of 1st period - Stopped by Ilya Sorokin with a rebound.
Goals for this period are 1 for BOISE CARIBOUS vs 2 for WINNIPEG BEAVERS.
Shots for this period are 7 for BOISE CARIBOUS vs 17 for WINNIPEG BEAVERS.

2nd period


0:01 of 2nd period - John Tavares wins face-off versus Travis Zajac in neutral zone.
0:15 of 2nd period - Alexander Radulov is hit by John Klingberg and loses puck.
0:21 of 2nd period - Shot by Ondrej Palat.
0:21 of 2nd period - Shot Blocked by John Klingberg.
0:29 of 2nd period - Shot by Alexander Radulov.
0:29 of 2nd period - Shot Misses the Net.
0:31 of 2nd period - Shot by Ian Cole.
0:31 of 2nd period - Shot Misses the Net.
1:27 of 2nd period - Shot by Brad Marchand.
1:27 of 2nd period - Shot Misses the Net.
1:29 of 2nd period - Shot by Kris Russell.
1:29 of 2nd period - Shot Blocked by Rasmus Dahlin.
1:31 of 2nd period - Shot by Brad Marchand.
1:31 of 2nd period - Shot Misses the Net.
1:33 of 2nd period - Shot by Joe Pavelski.
1:33 of 2nd period - Shot Misses the Net.
1:35 of 2nd period - Shot by Joe Pavelski.
1:35 of 2nd period - Stopped by Ilya Sorokin with a rebound.
1:45 of 2nd period - Shot by Joe Pavelski.
1:45 of 2nd period - Stopped by Ilya Sorokin without a rebound.
1:46 of 2nd period - Sean Kuraly wins face-off versus Vladislav Namestnikov in BOISE CARIBOUS zone.
1:56 of 2nd period - Off-side.
1:57 of 2nd period - Danny O'Regan wins face-off versus Jason Dickinson in neutral zone.
1:57 of 2nd period - Danny O'Regan is hit by Brandon Tanev.
2:32 of 2nd period - Ivan Barbashev is hit by Carson Soucy and loses puck.
2:52 of 2nd period - Dmitry Kulikov is hit by Carson Soucy and loses puck.
2:58 of 2nd period - Minor Penalty to John Tavares for Hooking.
2:59 of 2nd period - Joe Pavelski wins face-off versus Jesperi Kotkaniemi in BOISE CARIBOUS zone.
4:00 of 2nd period - Off-side.
4:01 of 2nd period - Jesperi Kotkaniemi wins face-off versus Janne Kuokkanen in neutral zone.
4:01 of 2nd period - Jesperi Kotkaniemi is hit by Brandon Tanev.
4:08 of 2nd period - Icing by Ondrej Palat.
4:09 of 2nd period - Janne Kuokkanen wins face-off versus Danny O'Regan in WINNIPEG BEAVERS zone.
4:16 of 2nd period - Shot by Janne Kuokkanen.
4:16 of 2nd period - Goal by Janne Kuokkanen - BOISE CARIBOUS : 1 - WINNIPEG BEAVERS : 3.
4:17 of 2nd period - Sean Kuraly wins face-off versus John Tavares in neutral zone.
4:21 of 2nd period - Michael Raffl is hit by Rasmus Dahlin and loses puck.
4:31 of 2nd period - Janne Kuokkanen is hit by Rasmus Andersson and loses puck.
5:19 of 2nd period - Rasmus Dahlin is hit by Ondrej Palat and loses puck.
5:24 of 2nd period - Shot by Alexander Radulov.
5:24 of 2nd period - Stopped by Ilya Sorokin without a rebound.
5:25 of 2nd period - Vladislav Namestnikov wins face-off versus David Krejci in BOISE CARIBOUS zone.
5:30 of 2nd period - Shot by Lawson Crouse.
5:30 of 2nd period - Stopped by Linus Ullmark without a rebound.
5:31 of 2nd period - Lawson Crouse wins face-off versus David Krejci in WINNIPEG BEAVERS zone.
5:32 of 2nd period - Shot by Kaapo Kakko.
5:32 of 2nd period - Stopped by Linus Ullmark with a rebound.
6:16 of 2nd period - Shot by Brad Marchand.
6:16 of 2nd period - Shot Misses the Net.
6:37 of 2nd period - Ondrej Palat is hit by John Klingberg.
6:53 of 2nd period - Shot by Tim Stutzle.
6:53 of 2nd period - Shot Misses the Net.
7:38 of 2nd period - John Klingberg is hit by Brandon Tanev and loses puck.
9:10 of 2nd period - Icing by Rasmus Ristolainen.
9:11 of 2nd period - Sean Kuraly wins face-off versus Lawson Crouse in WINNIPEG BEAVERS zone.
9:40 of 2nd period - Shot by Kaapo Kakko.
9:40 of 2nd period - Deflect By Vladislav Namestnikov.
9:40 of 2nd period - Shot Misses the Net.
9:50 of 2nd period - Shot by Brad Marchand.
9:50 of 2nd period - Stopped by Ilya Sorokin with a rebound.
10:52 of 2nd period - Shot by Alexander Radulov.
10:52 of 2nd period - Stopped by Ilya Sorokin with a rebound.
10:54 of 2nd period - Shot by Ondrej Palat.
10:54 of 2nd period - Shot Misses the Net.
10:56 of 2nd period - Shot by Justin Braun.
10:56 of 2nd period - Shot Blocked by Rasmus Andersson.
10:58 of 2nd period - Shot by Travis Zajac.
10:58 of 2nd period - Stopped by Ilya Sorokin without a rebound.
10:59 of 2nd period - Joel Armia wins face-off versus Danny O'Regan in BOISE CARIBOUS zone.
11:41 of 2nd period - Icing by Jani Hakanpaa.
11:42 of 2nd period - David Krejci wins face-off versus Danny O'Regan in BOISE CARIBOUS zone.
12:04 of 2nd period - Icing by Justin Braun.
12:05 of 2nd period - John Tavares wins face-off versus David Krejci in WINNIPEG BEAVERS zone.
12:22 of 2nd period - Shot by David Krejci.
12:22 of 2nd period - Shot Misses the Net.
12:24 of 2nd period - Shot by David Krejci.
12:24 of 2nd period - Shot Misses the Net.
12:26 of 2nd period - Shot by David Krejci.
12:26 of 2nd period - Stopped by Ilya Sorokin with a rebound.
12:28 of 2nd period - Shot by David Krejci.
12:28 of 2nd period - Stopped by Ilya Sorokin without a rebound.
12:29 of 2nd period - Jesperi Kotkaniemi wins face-off versus Travis Zajac in BOISE CARIBOUS zone.
12:42 of 2nd period - Icing by Ondrej Palat.
12:43 of 2nd period - John Tavares wins face-off versus Travis Zajac in WINNIPEG BEAVERS zone.
12:44 of 2nd period - Shot by Dominik Kubalik.
12:44 of 2nd period - Shot Blocked by Carson Soucy.
12:46 of 2nd period - Shot by John Tavares.
12:46 of 2nd period - Shot Misses the Net.
12:48 of 2nd period - Shot by John Tavares.
12:48 of 2nd period - Stopped by Linus Ullmark without a rebound.
12:49 of 2nd period - Jesperi Kotkaniemi wins face-off versus Travis Zajac in WINNIPEG BEAVERS zone.
13:31 of 2nd period - Icing by Kris Russell.
13:32 of 2nd period - John Tavares wins face-off versus Travis Zajac in WINNIPEG BEAVERS zone.
14:19 of 2nd period - Andre Burakovsky is hit by Brad Marchand.
14:23 of 2nd period - Brad Marchand is hit by Dominik Kubalik and loses puck.
14:48 of 2nd period - Icing by Justin Braun.
14:49 of 2nd period - David Krejci wins face-off versus Vladislav Namestnikov in WINNIPEG BEAVERS zone.
14:49 of 2nd period - David Krejci is hit by Lawson Crouse.
15:06 of 2nd period - Kaapo Kakko is hit by Dylan DeMelo and loses puck.
15:53 of 2nd period - Shot by Tim Stutzle.
15:53 of 2nd period - Shot Hit the Post.
16:47 of 2nd period - Shot by Ondrej Palat.
16:47 of 2nd period - Deflect By Alexander Radulov.
16:47 of 2nd period - Shot Misses the Net.
16:57 of 2nd period - Shot by Travis Zajac.
16:57 of 2nd period - Shot Misses the Net.
16:59 of 2nd period - Shot by Ondrej Palat.
16:59 of 2nd period - Shot Misses the Net.
17:01 of 2nd period - Shot by Kris Russell.
17:01 of 2nd period - Stopped by Ilya Sorokin without a rebound.
17:02 of 2nd period - David Krejci wins face-off versus Andre Burakovsky in BOISE CARIBOUS zone.
17:11 of 2nd period - Shot by Joe Pavelski.
17:11 of 2nd period - Stopped by Ilya Sorokin without a rebound.
17:12 of 2nd period - David Krejci wins face-off versus Vladislav Namestnikov in BOISE CARIBOUS zone.
17:25 of 2nd period - Shot by Brad Marchand.
17:25 of 2nd period - Shot Misses the Net.
17:27 of 2nd period - Shot by Brad Marchand.
17:27 of 2nd period - Stopped by Ilya Sorokin without a rebound.
17:28 of 2nd period - John Tavares wins face-off versus Travis Zajac in BOISE CARIBOUS zone.
17:28 of 2nd period - John Tavares is hit by Ondrej Palat.
18:40 of 2nd period - Shot by Joe Pavelski.
18:40 of 2nd period - Shot Blocked by Jesperi Kotkaniemi.
Goals for this period are 0 for BOISE CARIBOUS vs 1 for WINNIPEG BEAVERS.
Shots for this period are 3 for BOISE CARIBOUS vs 12 for WINNIPEG BEAVERS.

3rd period


0:01 of 3rd period - John Tavares wins face-off versus Travis Zajac in neutral zone.
0:56 of 3rd period - Icing by Tim Stutzle.
0:57 of 3rd period - David Krejci wins face-off versus Jesperi Kotkaniemi in BOISE CARIBOUS zone.
1:06 of 3rd period - Shot by David Krejci.
1:06 of 3rd period - Shot Blocked by Rasmus Andersson.
1:08 of 3rd period - Shot by Joe Pavelski.
1:08 of 3rd period - Deflect By David Krejci.
1:08 of 3rd period - Stopped by Ilya Sorokin with a rebound.
1:18 of 3rd period - Shot by Joe Pavelski.
1:18 of 3rd period - Shot Misses the Net.
1:52 of 3rd period - Shot by Joel Armia.
1:52 of 3rd period - Stopped by Ilya Sorokin without a rebound.
1:53 of 3rd period - Jason Dickinson wins face-off versus Vladislav Namestnikov in BOISE CARIBOUS zone.
1:56 of 3rd period - Shot by Brandon Tanev.
1:56 of 3rd period - Shot Misses the Net.
1:58 of 3rd period - Shot by Jason Dickinson.
1:58 of 3rd period - Shot Misses the Net.
2:00 of 3rd period - Shot by Joel Armia.
2:00 of 3rd period - Stopped by Ilya Sorokin without a rebound.
2:01 of 3rd period - Travis Zajac wins face-off versus Lawson Crouse in BOISE CARIBOUS zone.
2:01 of 3rd period - Travis Zajac is hit by Dmitry Kulikov.
2:41 of 3rd period - Shot by Ondrej Palat.
2:41 of 3rd period - Shot Hit the Post.
2:43 of 3rd period - Shot by Alexander Radulov.
2:43 of 3rd period - Shot Blocked by Dmitry Kulikov.
2:45 of 3rd period - Shot by Alexander Radulov.
2:45 of 3rd period - Shot Misses the Net.
2:47 of 3rd period - Shot by Ondrej Palat.
2:47 of 3rd period - Stopped by Ilya Sorokin with a rebound.
3:00 of 3rd period - Minor Penalty to Dmitry Kulikov for Tripping.
3:01 of 3rd period - Danny O'Regan wins face-off versus Brad Marchand in BOISE CARIBOUS zone.
3:01 of 3rd period - Danny O'Regan is hit by Brad Marchand.
3:16 of 3rd period - Off-side.
3:17 of 3rd period - Janne Kuokkanen wins face-off versus Jesperi Kotkaniemi in neutral zone.
3:20 of 3rd period - Shot by David Krejci.
3:20 of 3rd period - Shot Misses the Net.
3:48 of 3rd period - Shot by David Krejci.
3:48 of 3rd period - Shot Misses the Net.
3:50 of 3rd period - Shot by Ondrej Palat.
3:50 of 3rd period - Shot Blocked by Jesperi Kotkaniemi.
3:52 of 3rd period - Shot by David Krejci.
3:52 of 3rd period - Stopped by Ilya Sorokin without a rebound.
3:53 of 3rd period - Joe Pavelski wins face-off versus Danny O'Regan in BOISE CARIBOUS zone.
4:24 of 3rd period - Shot by Joe Pavelski.
4:24 of 3rd period - Shot Blocked by John Klingberg.
4:52 of 3rd period - Shot by Brandon Tanev.
4:52 of 3rd period - Stopped by Ilya Sorokin without a rebound.
4:53 of 3rd period - Jesperi Kotkaniemi wins face-off versus Janne Kuokkanen in BOISE CARIBOUS zone.
5:32 of 3rd period - Shot by Michael Raffl.
5:32 of 3rd period - Stopped by Ilya Sorokin without a rebound.
5:33 of 3rd period - David Krejci wins face-off versus Jesperi Kotkaniemi in BOISE CARIBOUS zone.
6:00 of 3rd period - Icing by Jesperi Kotkaniemi.
6:01 of 3rd period - Jesperi Kotkaniemi wins face-off versus Ondrej Palat in BOISE CARIBOUS zone.
7:11 of 3rd period - Shot by Andre Burakovsky.
7:11 of 3rd period - Shot Misses the Net.
7:32 of 3rd period - Icing by Vladislav Namestnikov.
7:33 of 3rd period - Vladislav Namestnikov wins face-off versus David Krejci in BOISE CARIBOUS zone.
7:56 of 3rd period - Shot by Joe Pavelski.
7:56 of 3rd period - Shot Blocked by Vladislav Namestnikov.
8:08 of 3rd period - Shot by Vladislav Namestnikov.
8:08 of 3rd period - Shot Misses the Net.
8:10 of 3rd period - Shot by Dmitry Kulikov.
8:10 of 3rd period - Deflect By Kaapo Kakko.
8:10 of 3rd period - Stopped by Linus Ullmark without a rebound.
8:11 of 3rd period - Jason Dickinson wins face-off versus Danny O'Regan in WINNIPEG BEAVERS zone.
9:12 of 3rd period - Shot by John Tavares.
9:12 of 3rd period - Shot Misses the Net.
10:30 of 3rd period - Icing by Rasmus Andersson.
10:31 of 3rd period - John Tavares wins face-off versus Sean Kuraly in BOISE CARIBOUS zone.
10:37 of 3rd period - Icing by Dominik Kubalik.
10:38 of 3rd period - John Tavares wins face-off versus Jason Dickinson in BOISE CARIBOUS zone.
10:51 of 3rd period - Jesperi Kotkaniemi is hit by Brandon Tanev and loses puck.
11:10 of 3rd period - Shot by Denis Gurianov.
11:10 of 3rd period - Stopped by Linus Ullmark without a rebound.
11:11 of 3rd period - David Krejci wins face-off versus Kaapo Kakko in WINNIPEG BEAVERS zone.
11:27 of 3rd period - Brad Marchand is hit by Matt Benning and loses puck.
12:02 of 3rd period - David Krejci is hit by Matt Benning and loses puck.
12:30 of 3rd period - Shot by Brandon Tanev.
12:30 of 3rd period - Deflect By Joel Armia.
12:30 of 3rd period - Shot Blocked by Marco Scandella.
12:32 of 3rd period - Shot by Brandon Tanev.
12:32 of 3rd period - Shot Blocked by Marco Scandella.
12:42 of 3rd period - Shot by Brandon Tanev.
12:42 of 3rd period - Shot Blocked by Marco Scandella.
12:44 of 3rd period - Shot by Brandon Tanev.
12:44 of 3rd period - Shot Misses the Net.
12:46 of 3rd period - Shot by Brandon Tanev.
12:46 of 3rd period - Deflect By Joel Armia.
12:46 of 3rd period - Shot Blocked by Marco Scandella.
13:22 of 3rd period - Shot by Ondrej Palat.
13:22 of 3rd period - Shot Misses the Net.
14:57 of 3rd period - Shot by Brad Marchand.
14:57 of 3rd period - Shot Misses the Net.
15:09 of 3rd period - Shot by Dominik Kubalik.
15:09 of 3rd period - Shot Misses the Net.
15:11 of 3rd period - Shot by Dominik Kubalik.
15:11 of 3rd period - Shot Misses the Net.
16:01 of 3rd period - Shot by Jason Dickinson.
16:01 of 3rd period - Shot Misses the Net.
16:03 of 3rd period - Shot by Brandon Tanev.
16:03 of 3rd period - Deflect By Jason Dickinson.
16:03 of 3rd period - Stopped by Ilya Sorokin without a rebound.
16:04 of 3rd period - Danny O'Regan wins face-off versus Travis Zajac in BOISE CARIBOUS zone.
16:04 of 3rd period - Danny O'Regan is hit by Ondrej Palat.
16:05 of 3rd period - Minor Penalty to Alexander Radulov for Hooking.
16:05 of 3rd period - Minor Penalty to Matt Benning for Goalie Interference.
16:06 of 3rd period - Joe Pavelski wins face-off versus Vladislav Namestnikov in BOISE CARIBOUS zone.
16:42 of 3rd period - Icing by Jani Hakanpaa.
16:43 of 3rd period - Vladislav Namestnikov wins face-off versus Brad Marchand in BOISE CARIBOUS zone.
17:11 of 3rd period - Shot by Dominik Kubalik.
17:11 of 3rd period - Shot Misses the Net.
17:13 of 3rd period - Shot by John Klingberg.
17:13 of 3rd period - Stopped by Linus Ullmark with a rebound.
17:19 of 3rd period - Shot by John Tavares.
17:19 of 3rd period - Stopped by Linus Ullmark with a rebound.
17:21 of 3rd period - Shot by Dominik Kubalik.
17:21 of 3rd period - Shot Misses the Net.
17:43 of 3rd period - Shot by Jesperi Kotkaniemi.
17:43 of 3rd period - Shot Misses the Net.
17:45 of 3rd period - Shot by Dmitry Kulikov.
17:45 of 3rd period - Shot Misses the Net.
17:47 of 3rd period - Shot by Jesperi Kotkaniemi.
17:47 of 3rd period - Stopped by Linus Ullmark without a rebound.
17:48 of 3rd period - Jesperi Kotkaniemi wins face-off versus Joe Pavelski in WINNIPEG BEAVERS zone.
17:56 of 3rd period - Icing by Dylan DeMelo.
17:57 of 3rd period - John Tavares wins face-off versus Ondrej Palat in WINNIPEG BEAVERS zone.
18:55 of 3rd period - Icing by Brandon Tanev.
18:56 of 3rd period - Jason Dickinson wins face-off versus Vladislav Namestnikov in WINNIPEG BEAVERS zone.
19:31 of 3rd period - Shot by Alexander Radulov.
19:31 of 3rd period - Stopped by Ilya Sorokin without a rebound.
19:32 of 3rd period - Jesperi Kotkaniemi wins face-off versus David Krejci in BOISE CARIBOUS zone.
19:48 of 3rd period - Shot by Jesperi Kotkaniemi.
19:48 of 3rd period - Stopped by Linus Ullmark without a rebound.
19:49 of 3rd period - Danny O'Regan wins face-off versus Travis Zajac in WINNIPEG BEAVERS zone.
19:51 of 3rd period - Ivan Barbashev is hit by Dylan DeMelo and loses puck.
Goals for this period are 0 for BOISE CARIBOUS vs 0 for WINNIPEG BEAVERS.
Shots for this period are 6 for BOISE CARIBOUS vs 9 for WINNIPEG BEAVERS.


RYAN
NUGENT-HOPKINS
THATCHER
DEMKO
MITCHELL
MARNER

EAST COAST

HOCKEY LEAGUE

  • 13.MAN3PIT5
  • 14.NHW2ATL3
  • 15.PET5WOR4
  • 16.RHI30
  • 17.QUECHI
  • 18.CHALIM
  • 19.TRVLON
  • 20.CHWBAL